 Dungeon Crawl Stone Soup version 0.30-a0-757-ga6a79fd877 (webtiles) character file.

Game seed: 7358102093683527637

788 IdlyInterested the Slasher (level 8, -5/60 HPs)
             Began as a Formicid Gladiator on Feb 9, 2023.
             Slain by an ogre
             ... wielding a +0 giant spiked club
              (9 damage)
             ... on level 5 of the Dungeon.
             The game lasted 00:10:50 (4060 turns).

IdlyInterested the Slasher (Formicid Gladiator)     Turns: 4060, Time: 00:10:50

Health: -5/60      AC: 10    Str: 18    XL:     8   Next: 12%
Magic:  8/8        EV: 10    Int:  9    God:
Gold:   194        SH:  0    Dex: 17    Spells: 7/7 levels left

rFire   . . .      SeeInvis +    a - +0 long sword
rCold   . . .      Faith    .    (no shield)
rNeg    . . .      Spirit   .    w - +0 scale mail
rPois   .          Reflect  .    (helmet unavailable)
rElec   .          Harm     .    (no cloak)
rCorr   .          Rampage  .    v - +1 pair of gloves
Will    .....                    p - +1 pair of boots Stlth
                                 (no amulet)
HPRegen 0.30/turn                (no ring)
MPRegen 0.11/turn                (no ring)

@: attractive
A: permanent stasis, dig shafts and tunnels, antennae 3, four strong arms
a: Dig, Shaft Self


You were on level 5 of the Dungeon.
You visited 1 branch of the dungeon, and saw 5 of its levels.

You collected 194 gold pieces.

Inventory:

Hand Weapons
 a - a +0 long sword (weapon)
 r - a +0 falchion
Missiles
 c - 3 throwing nets
 d - 6 javelins
 f - 24 stones (quivered)
 o - 8 poisoned darts
Armour
 p - a +1 pair of boots (worn)
 v - a +1 pair of gloves (worn)
 w - a +0 scale mail (worn)
Scrolls
 i - 3 scrolls of immolation
 q - a scroll of vulnerability
 t - a scroll of amnesia {unknown}
Potions
 b - a potion of heal wounds {unknown}
 e - 4 potions of curing
 g - 2 potions of attraction
 j - a potion of resistance {unknown}
 k - a potion of lignification {unknown}
 l - a potion of haste {unknown}
 m - a potion of cancellation {unknown}
 n - a potion of degeneration {unknown}
 u - a potion of brilliance {unknown}


   Skills:
 - Level 4.0 Fighting
 + Level 7.7 Long Blades
 - Level 2.0 Throwing
 - Level 1.0 Armour
 - Level 2.6 Dodging
 - Level 1.0 Stealth
 * Level 3.3 Shields
 - Level 1.0 Evocations


You had 7 spell levels left.
You didn't know any spells.
Your spell library contained the following spells:

 Spells                   Type           Power      Damage    Failure   Level
 Magic Dart               Conj           0%         1d3       80%         1
 Sandblast                Erth           0%         2d4       80%         1
 Call Imp                 Summ           0%         N/A       90%         2
 Passwall                 Tmut/Erth      0%         N/A       90%         2
 Mephitic Cloud           Conj/Pois/Air  0%         N/A       99%         3
 Stone Arrow              Conj/Erth      0%         3d7       99%         3


Dungeon Overview and Level Annotations

Branches:
Dungeon (5/15)
 Temple: D:4-7

Altars:
Yredelemnul

Shops:
D:5 !

Annotations:
D:5 Grinder


Innate Abilities, Weirdness & Mutations

You cannot be hasted, slowed, berserked, paralysed or teleported.
You can dig through walls and to a lower floor.
You have a pair of large antennae on your head. (SInv)
Your four strong arms can wield two-handed weapons with a shield.


Message History

The orc hits you but does no damage.
A black bear comes into view.
Grinder gestures at you.
You struggle to resist.
You closely miss Grinder.
Grinder is moderately wounded.
The quokka bites you but does no damage.
The orc hits you but does no damage. Grinder hits you but does no damage.
The quokka barely misses you.
You hit Grinder.
Grinder is moderately wounded.
The orc hits you but does no damage. Grinder hits you.
You writhe in agony.
The quokka bites you.
It was a potion of attraction.
You feel attractive to monsters.
An ogre comes into view. It is wielding a +0 giant spiked club.
The orc hits you with a +0 short sword. Grinder barely misses you.
The quokka barely misses you. The ogre is attracted toward you. x2
You closely miss Grinder.
Grinder is moderately wounded.
The orc barely misses you. Grinder barely misses you.
The quokka closely misses you.
You slash the ogre!
The ogre is moderately wounded.
The quokka closely misses you.
The ogre hits you with a +0 giant spiked club!
* * * LOW HITPOINT WARNING * * *
The ogre barely misses you. The orc hits you but does no damage.
Grinder blinks!
An orc wizard comes into view. It is wielding a +0 dagger.
The quokka closely misses you. Grinder is attracted toward you.
The orc wizard is attracted toward you.
Okay, then.
Okay, then.
You hit the ogre.
The ogre is moderately wounded.
A hound comes into view.
The orc hits you but does no damage.
The ogre hits you with a +0 giant spiked club!
You die...

### #... ...
...§ # ###
).... .# #
..... ..# #
...... .... #
.....5####.....
#...rOo..>...
#§@O......
####......
o###. { §. ..
..


h You could see Grinder, 2 ogres, a hound (wandering), an orc wizard, an orc and
a quokka.

Vanquished Creatures
  Prince Ribbit (D:5)
  3 phantoms
  A necrophage (D:4)
  A bullfrog zombie (D:4)
  2 jellies
  An iguana (D:4)
  2 hound zombies (D:4)
  A howler monkey zombie (D:4)
  4 adders
  A white imp (D:5)
  2 ufetubi (D:5)
  An adder zombie (D:4)
  A worm (D:2)
  A dart slug (D:3)
  2 orcs (D:4)
  5 ball pythons
  7 bats
  3 endoplasms
  4 giant cockroaches (D:1)
  7 goblins
  3 hobgoblins
  6 jackals
  5 quokkas
  3 frilled lizards
  13 kobolds
  7 rats
87 creatures vanquished.

Notes
Turn   | Place    | Note
-------+----------+-------------------------------------------
     0 | D:1      | IdlyInterested the Formicid Gladiator began the quest for
                  | the Orb.
     0 | D:1      | Reached XP level 1. HP: 16/16 MP: 1/1
   259 | D:1      | Reached XP level 2. HP: 17/22 MP: 2/2
   260 | D:1      | Reached skill level 1 in Shields
   348 | D:1      | Found a faded altar of an unknown god.
   433 | D:1      | Reached XP level 3. HP: 21/27 MP: 3/3
   782 | D:2      | Reached skill level 4 in Long Blades
  1147 | D:2      | Reached XP level 4. HP: 33/33 MP: 4/4
  1416 | D:2      | Reached skill level 1 in Armour
  2246 | D:3      | Reached skill level 1 in Stealth
  2254 | D:3      | Reached XP level 5. HP: 32/38 MP: 5/5
  2926 | D:4      | Reached skill level 5 in Long Blades
  2926 | D:4      | Reached skill level 1 in Evocations
  2977 | D:4      | Reached XP level 6. HP: 44/45 MP: 6/6
  3010 | D:4      | Found a basalt altar of Yredelemnul.
  3095 | D:4      | Reached skill level 6 in Long Blades
  3437 | D:4      | Reached XP level 7. HP: 37/52 MP: 7/7
  3817 | D:5      | Entered Level 5 of the Dungeon
  3873 | D:5      | Noticed Prince Ribbit
  3894 | D:5      | Killed Prince Ribbit
  3895 | D:5      | Reached skill level 7 in Long Blades
  3896 | D:5      | Found Seikh's Distillery.
  3911 | D:5      | Reached XP level 8. HP: 30/60 MP: 8/8
  4045 | D:5      | Noticed Grinder
  4059 | D:5      | HP: 3/60 [ogre/+0 giant spiked club (17)]
  4060 | D:5      | Slain by an ogre

Illustrated notes

Levels and vault maps discovered:
D:1:      dpeg_arrival_chambers_temple_mockup, layout_basic,
          shapermc_ecumenical_altar_mp_highgroup, minmay_tall_x
D:2:      layout_loops_corners, grunt_decor_clamped, minmay_domino_2
D:3:      layout_loops_ring, st_stairs_11, hangedman_decor_growths
D:4:      layout_basic, nicolae_yredelemnul_corpse_copse
D:5:      wad_river_or_something, layout_rooms,
          mainiacjoe_overflow_tiny_flanked, serial_shops, nicolae_shop_trees,
          st_stairs_2, uniq_pikel, uniq_prince_ribbit1, uniq_grinder

Skill      XL: |  1  2  3  4  5  6  7  8 |
---------------+-------------------------+-----
Shields        | 1 2 3 |  3.3
Long Blades    | 4 5 6 7 |  7.7
Armour         | 1 |  1.0
Stealth        | 1 |  1.0
Evocations     | 1 |  1.0
Fighting       | 3 4 |  4.0
Throwing       | |  2.0
Dodging        | |  2.6

Action                     |  1- 3 |  4- 6 |  7- 9 || total
---------------------------+-------+-------+-------++-------
  Melee: Long sword        |    92 |   172 |    54 ||   318
         Punch             |     2 |     1 |     1 ||     4
  Throw: Stone             |     2 |    12 |    10 ||    24
         Dart              |       |       |     7 ||     7
    Use: Scroll            |     6 |     5 |     1 ||    12
         Potion            |       |       |     1 ||     1
   Stab: Sleeping          |     1 |     4 |       ||     5
 Armour: Leather armour    |    30 |    25 |       ||    55
         Ring mail         |       |    28 |     9 ||    37
         Scale mail        |       |       |    14 ||    14
  Dodge: Dodged            |    87 |   102 |    36 ||   225

Table legend: (Time is in decaauts)
 A = Elapsed time spent in this place.
 B = Non-inter-level travel time spent in this place.
 C = Inter-level travel time spent in this place.
 D = Time resting spent in this place.
 E = Time spent auto-exploring this place.
 F = Levels seen in this place.
 G = Mean time per level.
                   A        B        C        D        E       F      G
               +--------+--------+--------+--------+--------+-----+--------+
         Total |   4110 |   3707 |    403 |    424 |   2156 |   5 |  822.0 |
       Dungeon |   4110 |   3707 |    403 |    424 |   2156 |   5 |  822.0 |
               +--------+--------+--------+--------+--------+-----+--------+

Top non-repeatable levels by time:
     D:2: 1194 daAuts
     D:4: 1086 daAuts
     D:3: 877 daAuts
     D:1: 785 daAuts
     D:5: 165 daAuts
